 Dungeon Crawl Stone Soup version 0.25.1-2-g60ff931df9 (webtiles) character file.

Game seed: 5180886876356590512

1163 pokeman the Thaumaturge (level 8, -3/45 HPs)
             Began as a Deep Elf Wizard on Nov 18, 2020.
             Was a Follower of Vehumet.
             Slain by a bullfrog (8 damage)
             ... on level 6 of the Dungeon.
             The game lasted 00:15:00 (8517 turns).

pokeman the Thaumaturge (Deep Elf Wizard)           Turns: 8517, Time: 00:15:00

Health: -3/45      AC:  4    Str:  4    XL:     8   Next: 17%
Magic:  9/23       EV: 12    Int: 26    God:    Vehumet [*.....]
Gold:   245        SH:  0    Dex: 13    Spells: 14/25 levels left

rFire    . . .     SeeInvis .   z - +1 spear (pain)
rCold    . . .     Gourm    .   (no shield)
rNeg     . . .     Faith    .   m - +0 leather armour (curse)
rPois    .         Spirit   .   b - +0 hat
rElec    .         Reflect  .   (no cloak)
rCorr    .         Harm     .   k - +0 pair of gloves
MR       +....                  (no boots)
Stlth    ++........             (no amulet)
HPRegen  0.15/turn              u - ring of protection from magic
MPRegen  0.18/turn              (no ring)

@: no status effects
A: no striking features
a: Renounce Religion


You were on level 6 of the Dungeon.
You worshipped Vehumet.
Vehumet was aware of your devotion.
You were not hungry.

You visited 2 branches of the dungeon, and saw 7 of its levels.

You collected 245 gold pieces.

Inventory:

Hand Weapons
 z - a +1 spear of pain (weapon)
Armour
 b - a +0 hat (worn)
 k - a +0 pair of gloves (worn)
 m - a cursed +0 leather armour (worn)
Jewellery
 l - an uncursed ring of ice
 u - a ring of protection from magic (left hand)
 y - an uncursed amulet of guardian spirit
Wands
 n - a wand of paralysis (18)
 x - a wand of random effects (11)
Scrolls
 e - 2 scrolls of amnesia {unknown}
 g - 5 scrolls of teleportation {unknown}
 h - 4 scrolls of remove curse {unknown}
 i - 6 scrolls of identify {unknown}
 j - a scroll of immolation {unknown}
 t - 3 scrolls of fear {unknown}
 v - 2 scrolls of magic mapping {unknown}
 w - 2 scrolls of enchant armour {unknown}
Potions
 a - a potion of degeneration {unknown}
 c - 2 potions of berserk rage {unknown}
 f - a potion of cancellation {unknown}
 o - 2 potions of might {unknown}
 p - 3 potions of curing {unknown}
 q - a potion of invisibility {unknown}
 r - 2 potions of flight {unknown}
 s - 2 potions of ambrosia {unknown}
Comestibles
 d - 6 rations
 A - 6 chunks of flesh


   Skills:
 + Level 2.7 Fighting
 - Level 1.0 Armour
 - Level 3.0 Dodging
 - Level 3.0 Stealth
 * Level 9.2 Spellcasting
 + Level 4.7 Conjurations
 - Level 1.1 Summonings
 - Level 1.1 Translocations
 + Level 3.4 Fire Magic
 - Level 1.0 Air Magic
 - Level 1.3 Poison Magic
 - Level 1.0 Evocations


You had 14 spell levels left.
You knew the following spells:

 Your Spells              Type           Power        Failure   Level  Hunger
a - Magic Dart            Conj           ####         1%          1    None
b - Mephitic Cloud        Conj/Pois/Air  ###.....     10%         3    None
c - Call Imp              Summ           ###.....     9%          2    None
d - Blink                 Tloc           N/A          9%          2    None
e - Conjure Flame         Conj/Fire      ####....     4%          3    None

Your spell library contained the following spells:

 Spells                   Type           Power        Failure   Level  Hunger
 Freeze                   Ice            ##..         9%          1    None
 Slow                     Hex            ##......     13%         2    None


Dungeon Overview and Level Annotations

Branches:
Dungeon (6/15)             Temple (1/1) D:4

Altars:
Ashenzari
Cheibriados
Dithmenos
Fedhas
Gozag
Hepliaklqana
Kikubaaqudgha
Makhleb
Nemelex Xobeh
Qazlal
Sif Muna
Trog
Uskayaw
Vehumet
Wu Jian
Xom
Zin
The Shining One

Annotations:
D:5 exclusion: oklob plant


Message History

The magic dart hits the bullfrog.
The bullfrog is heavily wounded.
The bullfrog hits you.
* * * LOW HITPOINT WARNING * * *
The bullfrog hits you.
* * * LOW HITPOINT WARNING * * *
Casting: Magic Dart (safe; 1% risk of failure)
Confirm with . or Enter, or press ? or * to list all spells.
Aiming: Magic Dart (safe; 1% risk of failure)
Press: ? - help, Shift-Dir - straight line, f/p - bullfrog
Aim: a bullfrog (heavily wounded)
The magic dart hits the bullfrog.
The bullfrog is heavily wounded.
The bullfrog closely misses you. The bullfrog hits you.
* * * LOW HITPOINT WARNING * * *
The bullfrog misses you.
The centaur says, "Why is everything spinning?"
The bullfrog hits you!
You die...

#.##...........##.#)####
........................
#.##....................
#.......#.....###.#.....
#.#####.#...............
....[.........###.#.###.
#.#####.#.....# #.#.# #.
#.#.##.####.#.# #. #
#@#.#......... ..
....###F#.##.#.#..# ..
....................
#...#.###(##.#...... ..
... #.##........ ...#
.......#..#. ....
............. ...
.........#.... ..
...............


You could see a bullfrog.

Vanquished Creatures
  A hippogriff (D:5)
  An orc warrior (D:6)
  A sky beast (D:6)
  A centaur (D:6)
  A bullfrog (D:6)
  A crimson imp (D:5)
  4 orc wizards
  An orc priest (D:3)
  A centaur skeleton (D:6)
  3 worker ants
  An iguana (D:4)
  5 gnolls
  7 adders
  A shadow imp (D:6)
  2 oozes (D:3)
  2 adder skeletons
  3 worms
  3 leopard geckos
  18 orcs
  8 bats
  9 giant cockroaches
  12 goblins
  12 hobgoblins
  5 jackals
  2 quokkas (D:2)
  A ball python (D:4)
  12 frilled lizards
  6 kobolds
  A leopard gecko skeleton (D:3)
  7 rats
132 creatures vanquished.

Vanquished Creatures (collateral kills)
  The ghost of axecop the Poker, an amateur CeAK of Lugonu (D:3)
  An orc wizard (D:3)
  An adder skeleton (D:3)
  A worm (D:5)
  An orc (D:3)
5 creatures vanquished.

Grand Total: 137 creatures vanquished

Notes
Turn   | Place    | Note
-------+----------+-------------------------------------------
     0 | D:1      | pokeman the Deep Elf Wizard began the quest for the Orb.
     0 | D:1      | Reached XP level 1. HP: 10/10 MP: 7/7
   162 | D:1      | Reached XP level 2. HP: 15/15 MP: 0/9
   795 | D:1      | Reached skill level 5 in Spellcasting
  1098 | D:1      | Reached XP level 3. HP: 20/20 MP: 7/11
  1103 | D:1      | Learned a level 3 spell: Mephitic Cloud
  1106 | D:1      | Learned a level 2 spell: Call Imp
  1109 | D:1      | Learned a level 2 spell: Blink
  1113 | D:1      | Learned a level 3 spell: Conjure Flame
  1757 | D:2      | Reached skill level 1 in Fighting
  1835 | D:2      | Reached skill level 1 in Armour
  2215 | D:2      | Reached XP level 4. HP: 17/25 MP: 1/13
  2995 | D:2      | Reached skill level 1 in Fire Magic
  3300 | D:3      | Reached skill level 6 in Spellcasting
  3300 | D:3      | Reached XP level 5. HP: 29/29 MP: 9/15
  3798 | D:3      | Reached skill level 1 in Air Magic
  4268 | D:3      | Reached skill level 1 in Evocations
  4414 | D:3      | Reached XP level 6. HP: 23/34 MP: 6/17
  4720 | D:3      | Found a runed translucent gate.
  4720 | D:3      | Found a runed translucent gate.
  4720 | D:3      | Found a runed translucent gate.
  4720 | D:3      | Noticed axecop's ghost (amateur CeAK)
  4882 | D:3      | Killed axecop's ghost
  4882 | D:3      | Reached skill level 7 in Spellcasting
  4882 | D:3      | Reached skill level 1 in Poison Magic
  5095 | D:4      | Found a staircase to the Ecumenical Temple.
  5102 | Temple   | Entered the Ecumenical Temple
  5208 | Temple   | Became a worshipper of Vehumet
  5858 | D:4      | Found a glowing golden altar of the Shining One.
  5858 | D:4      | Found a burning altar of Makhleb.
  5977 | D:4      | Found a glowing silver altar of Zin.
  5977 | D:4      | Found an ornate altar of the Wu Jian Council.
  5977 | D:4      | Found an ancient bone altar of Kikubaaqudgha.
  5978 | D:4      | Found a shimmering blue altar of Sif Muna.
  5980 | D:4      | Found a stormy altar of Qazlal.
  5982 | D:4      | Found a snail-covered altar of Cheibriados.
  6049 | D:5      | Entered Level 5 of the Dungeon
  6049 | D:5      | Noticed a hippogriff
  6063 | D:5      | Killed a hippogriff
  6063 | D:5      | Reached XP level 7. HP: 6/39 MP: 15/20
  6412 | D:5      | Found a shadowy altar of Dithmenos.
  6546 | D:5      | Found an opulent altar of Gozag.
  6874 | D:5      | Reached skill level 8 in Spellcasting
  7360 | D:5      | Found a blossoming altar of Fedhas.
  7382 | D:5      | Noticed an oklob plant
  8115 | D:6      | Reached skill level 9 in Spellcasting
  8115 | D:6      | Reached XP level 8. HP: 10/45 MP: 2/23
  8378 | D:6      | Reached * piety under Vehumet
  8378 | D:6      | Offered knowledge of Freeze by Vehumet.
  8517 | D:6      | Slain by a bullfrog

Illustrated notes

Levels and vault maps discovered:
D:1:      ebering_trefoil_twist, layout_rooms, minmay_misc_feat_tower,
          hangedman_decor_diamond_cutter, chequers_serial_rivers_micro_b,
          kennysheep_small_spiral
D:2:      layout_loops_cross, first_ration, cheibrodos_gnoll_hut
D:3:      layout_basic, gammafunk_ghost_necromancy
D:4:      layout_cave_pools, minitemple, minmay_temple_entry_grid
D:5:      layout_basic, lemuel_crystal_altar, basic_altar, tgw_fedhas
D:6:      layout_basic, hellmonk_ghost_happy_afterlife
Temple:   minmay_temple_curvy_loop

Skill      XL: |  1  2  3  4  5  6  7 |
---------------+----------------------+-----
Spellcasting   | 5 6 7 9 |  9.2
Fighting       | 1 2 |  2.7
Armour         | 1 |  1.0
Conjurations   | 2 3 4 |  4.7
Fire Magic     | 1 2 3 |  3.4
Dodging        | 3 |  3.0
Air Magic      | 1 |  1.0
Evocations     | 1 |  1.0
Poison Magic   | 1 |  1.3
Stealth        | 3 |  3.0
Summonings     | |  1.1
Translocations | |  1.1

Action                   |  1- 3 |  4- 6 |  7- 9 || total
-------------------------+-------+-------+-------++-------
Melee: Unarmed           |    24 |    20 |       ||    44
       Spear             |       |       |    25 ||    25
 Cast: Magic Dart        |   118 |   161 |   101 ||   380
       Mephitic Cloud    |       |     4 |     8 ||    12
       Call Imp          |       |     5 |     3 ||     8
       Conjure Flame     |       |     2 |     7 ||     9
       Blink             |       |     1 |       ||     1
  Eat: Chunk             |     4 |    11 |     8 ||    23
Armor: Robe              |    22 |       |       ||    22
       Leather armour    |       |    15 |    11 ||    26
Dodge: Dodged            |    59 |    33 |    38 ||   130
